 Dungeon Sprint DCSS version 0.18.1-50-g88ac8fd (webtiles) character file.

63990 Nordron the Warrior (level 14, -7/149 HPs)
             Began as a Minotaur Fighter on Sept 30, 2016.
             Was the Champion of Cheibriados.
             Mangled by Geryon (10 damage)
             ... in the Dungeon (Sprint IX: "|||||||||||||||||||||||||||||").
             The game lasted 00:52:18 (3293 turns).

Nordron the Warrior (Minotaur Fighter)              Turns: 3293, Time: 00:52:19

Health: -7/149     AC: 28    Str: 37    XL:     14   Next: 70%
Magic:  8/28       EV: 28    Int: 22    God:    Cheibriados [******]
Gold:   932        SH: 24    Dex: 35    Spells: 4 memorised, 27 levels left

rFire  + . .     SeeInvis .     F - +9 scimitar "Wikhod" {slice, rF+ Int+2}
rCold  . . .     Gourm    .     K - +1 plate armour "Holary" {rN+ Dex+3}
rNeg   + . .     Faith    .     c - +0 shield
rPois  .         Spirit   .     I - +1 hat
rElec  .         Dismiss  .     O - +1 cloak
rCorr  .         Reflect  +     J - +1 pair of gloves
SustAt .         Harm     .     (no boots)
MR     +....     NoTele   +     t - +6 amulet of reflection
Stlth  ..........               y - +2 ring of protection
                                x - +3 ring of dexterity

@: afraid, infused, very slightly contaminated, very slow, somewhat resistant to
hostile enchantments, extremely unstealthy
A: retaliatory headbutt, horns 2
a: Bend Time, Temporal Distortion, Slouch, Step From Time, Renounce Religion


You were in the Dungeon.
You worshipped Cheibriados.
Cheibriados was exalted by your worship.
You were not hungry.

You visited 1 branch You collected 1900 gold pieces.
You spent 968 gold pieces at shops.

Inventory:

Hand Weapons
 r - a +2 dire flail of holy wrath
 s - a +2 halberd of protection
 u - the +2 scimitar "Wiamawk" {vamp, Str+6 SInv}
   (You found it in the Dungeon)

   It inflicts no extra harm, but heals its wielder somewhat when it strikes a
   living foe.
   It affects your strength (+6).
   It lets you see invisible.
 F - the +9 scimitar "Wikhod" (weapon) {slice, rF+ Int+2}
   (You bought it in a shop in the Dungeon)

   It inflicts extra damage upon your enemies.
   It affects your intelligence (+2).
   It protects you from fire.
 H - the +3 short sword "Falaher" {pierce, +Blink rN+ Int+4}
   (You found it in the Dungeon)

   It inflicts extra damage upon your enemies.
   It affects your intelligence (+4).
   It protects you from negative energy.
   It lets you blink.
Armour
 c - a +0 shield (worn)
 w - an ice dragon hide
 E - a troll hide
 I - a +1 hat (worn)
 J - a +1 pair of gloves (worn)
 K - the +1 plate armour "Holary" (worn) {rN+ Dex+3}
   (You found it in the Dungeon)

   It affects your dexterity (+3).
   It protects you from negative energy.
 L - a +2 chain mail of cold resistance
 O - a +1 cloak (worn)
 P - a +1 fire dragon armour
Jewellery
 b - an uncursed ring of protection from fire
 h - an uncursed ring of see invisible
 q - an uncursed ring of ice
 t - a +6 amulet of reflection (around neck)
 x - a +3 ring of dexterity (left hand)
 y - a +2 ring of protection (right hand)
 G - an uncursed ring of fire
Wands
 p - a wand of iceblast (7/15)
Scrolls
 a - 4 scrolls of recharging
 k - 2 scrolls of blinking
 n - 4 scrolls of remove curse
 o - 2 scrolls of amnesia
 A - 3 scrolls of enchant armour
 Q - a scroll of fear
 R - a scroll of identify
 S - 2 scrolls of enchant weapon
Potions
 d - a potion of might
 e - 5 potions of curing
 f - a potion of brilliance
 i - 5 potions of magic
 l - 2 potions of agility
 m - a potion of invisibility
Books
 j - a book of Battle

   Spells                             Type                      Level
   a - Infusion                       Charms                       1
   b - Shroud of Golubria             Charms/Translocation         2
   c - Song of Slaying                Charms                       2
   d - Spectral Weapon                Hexes/Charms                 3
   e - Regeneration                   Charms/Necromancy            3
Comestibles
 g - 2 chunks of flesh
 B - 40 fruits
 C - 12 bread rations
 D - 12 meat rations


   Skills:
 + Level 20.6 Fighting
 + Level 18.6 Long Blades
 - Level 7.7 Maces & Flails
 + Level 20.0 Armour
 + Level 15.5 Dodging
 - Level 15.0 Shields
 + Level 11.0 Spellcasting
 + Level 11.0 Charms
 - Level 8.9 Invocations


You had 27 spell levels left.
You knew the following spells:

 Your Spells              Type           Power        Failure   Level  Hunger
a - Infusion              Chrm           ####         1%          1    None
b - Shroud of Golubria    Chrm/Tloc      #####.....   2%          2    None
c - Regeneration          Chrm/Necr      #####.....   8%          3    None
d - Song of Slaying       Chrm           ######..     1%          2    None


Dungeon Overview and Level Annotations

Branches:
Dungeon (1/1)

Altars:
Cheibriados
Dithmenos
Elyvilon
Fedhas
Gozag
Kikubaaqudgha
Makhleb
Nemelex Xobeh
Okawaru
Pakellas
Qazlal
Ru
Sif Muna
Trog
Vehumet
Xom
Yredelemnul
Zin
The Shining One
Beogh
Jiyva
Lugonu

Shops:
D ((**

Annotations:
D Azrael, Geryon


Innate Abilities, Weirdness & Mutations

You reflexively headbutt those who attack you in melee.
You have a pair of horns on your head.


Message History

* * * LOW HITPOINT WARNING * * *
You hold your ground!
The giant orange brain pulsates.
The giant orange brain radiates an aura of fear!
You are terrified of the giant orange brain!
Drink which item? (? for menu, Esc to quit)
You feel better. The hell beast completely misses you.
You block the hell beast's attack. You block Geryon's attack.
The hell beast misses you. You furiously retaliate!
You headbutt the hell beast! You block the hell beast's attack.
You hit Geryon.
Geryon is severely wounded.
Geryon winds a great silver horn.
You block the hell beast's attack. x2
You slash Geryon!
Geryon is almost dead.
The hell beast bites you!!
* * * LOW HITPOINT WARNING * * *
You block the hell beast's attack. Geryon tail-slaps you!
You die...

▓.▓.▓(▓.▓.▓.▓.▓.▓.
▓+▓.▓(▓.▓.▓.▓.▓.▓.
▓)▓.▓)▓.▓.▓.▓.▓.▓.
▓(▓.▓)▓.▓.▓.▓.▓.▓.
▓)▓.▓)▓.▓.▓.▓.▓.▓.
▓2▓.▓)▓.▓.▓.▓)▓.▓÷
▓R▓.▓(▓p▓[▓.▓)▓.▓'
▓&▓.▓.▓.▓)▓.▓)▓.▓.
▓@▓.▓.▓.▓)▓.▓)▓.▓.
▓2▓.▓.▓.▓)▓.▓)▓.▓.
▓p▓.▓†▓.▓(▓.▓.▓.▓.
▓H▓.▓†▓.▓)▓.▓∩▓.▓.
▓X▓.▓.▓.▓.▓.▓.▓.▓.
▓N▓.▓.▓.▓(▓.▓∩▓.▓.
▓G▓.▓.▓.▓.▓.▓)▓.▓.
▓p▓.▓.▓.▓.▓.▓∩▓.▓[
▓.▓.▓.▓.▓.▓.▓.▓(


You could see Geryon, an ironheart preserver, a sphinx, Azrael, 2 hell beasts,
an Orb Guardian, a salamander stormcaller, a giant orange brain and an ironbrand
convoker.

Vanquished Creatures
  A lich (D)
  A quicksilver dragon (D)
  Gastronok (D)
  Kirke (D)
  Maud (D)
  3 frost giants (D)
  3 vault wardens (D)
  A spriggan defender (D)
  4 stone giants (D)
  A vampire knight (D)
  2 spark wasps (D)
  A dire elephant (D)
  A merfolk javelineer (D)
  An ettin (D)
  A yaktaur captain (D)
  2 ogre magi (D)
  A rakshasa (D)
  A great orb of eyes (D)
  2 ice dragons (D)
  A hydra (D)
  3 alligators (D)
  2 centaur warriors (D)
  A ghost crab (D)
  An anaconda (D)
  A spriggan air mage (D)
  2 tengu warriors (D)
  A naga sharpshooter (D)
  2 orc high priests (D)
  A vampire mage (D)
  2 shock serpents (D)
  A wizard (D)
  A skeletal warrior (D)
  A sea snake (D)
  2 unseen horrors (D)
  A giant orange brain (D)
  4 orc knights (D)
  2 orc sorcerers (D)
  3 hill giants (D)
  An orb spider (D)
  5 ugly things (D)
  A hornet (D)
  A manticore (D)
  An orb spider (shapeshifter) (D)
  A griffon (D)
  4 wolf spiders (D)
  7 elephants (D)
  2 sirens (D)
  2 black mambas (D)
  2 cyclopes (D)
  A naga mage (D)
  A vault sentinel (D)
  A spiny frog (D)
  2 komodo dragons (D)
  A yaktaur (D)
  A tengu conjurer (D)
  A troll (D)
  2 merfolk (D)
  A bog body (D)
  A boulder beetle (D)
  A blink frog (D)
  A snapping turtle (D)
  2 tarantellas (D)
  3 redbacks (D)
  A yak (D)
  2 basilisks (D)
  2 hippogriffs (D)
  2 nagas (D)
  A water moccasin (D)
  2 porcupines (D)
  10 orc warriors (D)
  An ice beast (D)
  An eye of draining (D)
  An ogre (D)
  A centaur (D)
  3 giant frogs (D)
  A scorpion (D)
  A crimson imp (D)
  An orc priest (D)
  6 orc wizards (D)
  2 iguanas (D)
  2 shadow imps (D)
  A giant gecko (D)
  16 orcs (D)
  2 bat zombies (D)
  A jackal (D)
  3 giant newts (D)
  A rat (D)
171 creatures vanquished.

Vanquished Creatures (others)
  2 swamp drakes (D)
  A giant frog (D)
  A river rat (D)
4 creatures vanquished.

Grand Total: 175 creatures vanquished

Notes
Turn   | Place    | Note
--------------------------------------------------------------
     0 | D        | Nordron the Minotaur Fighter began the quest for the Orb.
     0 | D        | Reached XP level 1. HP: 19/19 MP: 0/0
    24 | D        | Noticed an orc wizard
    24 | D        | Noticed a crimson imp
    30 | D        | Killed an orc wizard
    30 | D        | Reached skill level 5 in Fighting
    30 | D        | Reached skill level 5 in Armour
    30 | D        | Reached skill level 5 in Shields
    30 | D        | Reached XP level 2. HP: 14/29 MP: 1/1
    30 | D        | Reached XP level 3. HP: 18/36 MP: 2/2
    36 | D        | Reached XP level 4. HP: 22/44 MP: 3/3
    45 | D        | Found a glowing silver altar of Zin.
    45 | D        | Found a glowing golden altar of the Shining One.
    45 | D        | Found an ancient bone altar of Kikubaaqudgha.
    45 | D        | Found a basalt altar of Yredelemnul.
    45 | D        | Found a shimmering altar of Xom.
    45 | D        | Found a radiant altar of Vehumet.
    46 | D        | Found an iron altar of Okawaru.
    47 | D        | Found a burning altar of Makhleb.
    48 | D        | Found a deep blue altar of Sif Muna.
    49 | D        | Found a bloodstained altar of Trog.
    50 | D        | Found a sparkling altar of Nemelex Xobeh.
    51 | D        | Found a white marble altar of Elyvilon.
    52 | D        | Found a roughly hewn altar of Beogh.
    53 | D        | Found a viscous altar of Jiyva.
    54 | D        | Found a corrupted altar of Lugonu.
    55 | D        | Found a blossoming altar of Fedhas.
    56 | D        | Found a snail-covered altar of Cheibriados.
    57 | D        | Found a shadowy altar of Dithmenos.
    58 | D        | Found a stormy altar of Qazlal.
    59 | D        | Found an opulent altar of Gozag.
    60 | D        | Found a sacrificial altar of Ru.
    61 | D        | Found an oddly glowing altar of Pakellas.
    64 | D        | Became a worshipper of Cheibriados the Contemplative
    79 | D        | Got the +2 scimitar "Wiamawk" {vamp, Str+6 SInv}
   193 | D        | Noticed an eye of draining
   193 | D        | Noticed a hippogriff
   193 | D        | Noticed a centaur
   193 | D        | Noticed an ice beast
   198 | D        | Killed an eye of draining
   198 | D        | Reached skill level 1 in Long Blades
   198 | D        | Reached skill level 1 in Dodging
   198 | D        | Reached XP level 5. HP: 53/53 MP: 0/4
   201 | D        | Reached skill level 5 in Maces & Flails
   211 | D        | Killed a hippogriff
   211 | D        | Reached XP level 6. HP: 46/63 MP: 1/5
   213 | D        | Reached * piety under Cheibriados
   219 | D        | Killed an ice beast
   219 | D        | Reached ** piety under Cheibriados
   219 | D        | Reached skill level 10 in Fighting
   289 | D        | Noticed a centaur warrior
   289 | D        | Noticed a green ugly thing
   292 | D        | Reached skill level 10 in Shields
   294 | D        | Reached XP level 7. HP: 73/73 MP: 6/6
   296 | D        | Killed a centaur warrior
   296 | D        | Reached *** piety under Cheibriados
   296 | D        | Reached skill level 5 in Long Blades
   296 | D        | Reached skill level 10 in Armour
   296 | D        | Reached skill level 5 in Dodging
   296 | D        | Reached XP level 8. HP: 83/83 MP: 7/7
   300 | D        | Killed a green ugly thing
   301 | D        | Reached **** piety under Cheibriados
   421 | D        | Learned a level 1 spell: Infusion
   422 | D        | Noticed a blink frog
   424 | D        | Killed a blink frog
   424 | D        | Reached skill level 1 in Invocations
   426 | D        | Reached ***** piety under Cheibriados
   426 | D        | Reached XP level 9. HP: 92/92 MP: 7/9
   441 | D        | Reached ****** piety under Cheibriados
   465 | D        | Noticed a komodo dragon
   467 | D        | Noticed a griffon
   473 | D        | Noticed a komodo dragon
   484 | D        | Killed a komodo dragon
   484 | D        | Reached skill level 1 in Spellcasting
   484 | D        | Reached skill level 1 in Charms
   486 | D        | Killed a griffon
   490 | D        | Killed a komodo dragon
   490 | D        | Reached skill level 5 in Invocations
   533 | D        | Learned a level 2 spell: Shroud of Golubria
   537 | D        | Learned a level 3 spell: Regeneration
   538 | D        | Noticed an elephant
   538 | D        | Noticed a dire elephant
   538 | D        | Noticed an elephant
   538 | D        | Noticed an elephant
   538 | D        | Noticed an elephant
   538 | D        | Noticed an elephant
   547 | D        | Killed a dire elephant
   547 | D        | Reached skill level 10 in Long Blades
   547 | D        | Reached XP level 10. HP: 103/103 MP: 9/13
   549 | D        | Killed an elephant
   554 | D        | Killed an elephant
   558 | D        | Killed an elephant
   562 | D        | Killed an elephant
   567 | D        | Killed an elephant
   572 | D        | Noticed an elephant
   574 | D        | Noticed an elephant
   580 | D        | Killed an elephant
   585 | D        | Killed an elephant
   778 | D        | Noticed an orc knight
   784 | D        | Noticed an orc knight
   784 | D        | Reached XP level 11. HP: 111/111 MP: 16/16
   800 | D        | Killed an orc knight
   814 | D        | Killed an orc knight
   814 | D        | Reached skill level 15 in Fighting
   826 | D        | Reached skill level 15 in Shields
   997 | D        | Found Ulaonur's Antique Weapon Emporium.
  1000 | D        | Noticed an orc high priest
  1005 | D        | Found Kouberr's Antique Weapon Shoppe.
  1005 | D        | Noticed an orc sorcerer
  1014 | D        | Killed an orc high priest
  1015 | D        | Found Oniedd's General Store.
  1017 | D        | Killed an orc sorcerer
  1033 | D        | Found Ufewke's General Store.
  1035 | D        | Noticed an orc sorcerer
  1036 | D        | Noticed an orc knight
  1037 | D        | Noticed an orc knight
  1041 | D        | Noticed an orc high priest
  1043 | D        | Killed an orc sorcerer
  1043 | D        | Reached skill level 5 in Spellcasting
  1043 | D        | Reached skill level 5 in Charms
  1049 | D        | Killed an orc knight
  1055 | D        | Killed an orc knight
  1063 | D        | Noticed a sun demon
  1063 | D        | Killed an orc high priest
  1086 | D        | Bought a scroll of enchant armour for 82 gold pieces
  1092 | D        | Bought a shimmering scimitar for 207 gold pieces
  1092 | D        | Identified the +9 scimitar "Wikhod" {slice, rF+ Int+2} (You bought it in a shop in the Dungeon)
  1097 | D        | Learned a level 2 spell: Song of Slaying
  1101 | D        | Bought a fine battleaxe for 379 gold pieces
  1103 | D        | Bought a +6 amulet of reflection for 300 gold pieces
  1104 | D        | Identified the +8 battleaxe of the Forgotten Moons {speed, rF+ rN+ Str-3} (You bought it in a shop in the Dungeon)
  1227 | D        | Got the +3 short sword "Falaher" {pierce, +Blink rN+ Int+4}
  1237 | D        | Got the cursed +1 plate armour "Holary" {rN+ Dex+3}
  1358 | D        | Noticed a skeletal warrior
  1358 | D        | Noticed an orb spider
  1358 | D        | Noticed a hill giant
  1365 | D        | Noticed a red ugly thing
  1367 | D        | Noticed a tengu warrior
  1367 | D        | Killed a skeletal warrior
  1370 | D        | Killed an orb spider
  1371 | D        | Noticed an ice dragon
  1372 | D        | Killed a hill giant
  1373 | D        | Noticed a stone giant
  1375 | D        | Noticed a stone giant
  1384 | D        | Killed a red ugly thing
  1384 | D        | Reached skill level 15 in Armour
  1388 | D        | Killed a tengu warrior
  1391 | D        | Noticed an ogre mage
  1393 | D        | Killed an ice dragon
  1393 | D        | Reached XP level 12. HP: 68/122 MP: 2/20
  1395 | D        | Noticed an ettin
  1397 | D        | Killed a stone giant
  1403 | D        | Killed a stone giant
  1405 | D        | Noticed a stone giant
  1408 | D        | Killed an ogre mage
  1411 | D        | Killed an ettin
  1415 | D        | Killed a stone giant
  1415 | D        | Reached skill level 10 in Dodging
  1675 | D        | Noticed Maud
  1690 | D        | Killed Maud
  1711 | D        | Noticed Kirke
  1742 | D        | Killed Kirke
  1823 | D        | Noticed a merfolk javelineer
  1833 | D        | Killed a merfolk javelineer
  2047 | D        | Noticed a seven-headed hydra
  2047 | D        | Noticed an alligator
  2047 | D        | Noticed an alligator
  2047 | D        | Noticed an alligator
  2049 | D        | Killed a nine-headed hydra
  2049 | D        | Reached skill level 15 in Long Blades
  2049 | D        | Reached XP level 13. HP: 134/134 MP: 15/23
  2495 | D        | Noticed Gastronok
  2506 | D        | Killed Gastronok
  2542 | D        | Noticed a lich
  2542 | D        | Noticed a frost giant
  2542 | D        | Noticed a stone giant
  2542 | D        | Noticed a quicksilver dragon
  2545 | D        | Paralysed by a lich for 5 turns
  2546 | D        | Noticed a frost giant
  2552 | D        | Killed a lich
  2553 | D        | Noticed a vampire knight
  2561 | D        | Killed a frost giant
  2564 | D        | Noticed a spark wasp
  2565 | D        | Killed a stone giant
  2566 | D        | Noticed a spriggan defender
  2566 | D        | HP: 4/137 [something (17)]
  2583 | D        | Killed a vampire knight
  2588 | D        | HP: 2/137 [quicksilver dragon (8)]
  2590 | D        | Killed a quicksilver dragon
  2590 | D        | Reached XP level 14. HP: 32/146 MP: 23/26
  2594 | D        | Killed a frost giant
  2595 | D        | Reached skill level 10 in Charms
  2598 | D        | Killed a spriggan defender
  2598 | D        | Reached skill level 10 in Spellcasting
  2623 | D        | HP: 2/147 [rakshasa/orb of energy (32)]
  3223 | D        | Noticed a vault warden
  3226 | D        | Noticed a vault warden
  3227 | D        | Noticed a frost giant
  3229 | D        | Reached skill level 15 in Dodging
  3236 | D        | Killed a vault warden
  3240 | D        | Killed a vault warden
  3244 | D        | Killed a frost giant
  3257 | D        | Noticed a vault warden
  3260 | D        | Noticed a sphinx
  3260 | D        | Noticed Azrael
  3260 | D        | Noticed Geryon
  3260 | D        | Noticed an Orb Guardian
  3271 | D        | Killed a vault warden
  3279 | D        | Noticed an ironheart preserver
  3293 | D        | HP: 3/149 [hell beast[Geryon] (27)]
  3293 | D        | Mangled by Geryon

Skill      XL: |  1  2  3  4  5  6  7  8  9 10 11 12 13 14 |
---------------+-------------------------------------------+-----
Fighting       | 5 6 7 9 10 11 12 14 16 17 19 20 | 20.6
Armour         | 5 6 7 8 9 10 11 12 13 15 16 18 20 | 20.0
Shields        | 5 6 7 9 10 11 12 13 14 15 | 15.0
Maces & Flails | 3 4 5 6 7 |  7.7
Long Blades    | 1 2 3 5 7 10 11 13 15 17 18 | 18.6
Dodging        | 1 2 3 5 8 11 13 15 | 15.5
Invocations    | 2 5 7 8 |  8.9
Spellcasting   | 2 4 6 7 9 11 | 11.0
Charms         | 2 4 6 8 9 11 | 11.0

Action                   |  1- 3 |  4- 6 |  7- 9 | 10-12 | 13-15 || total
-------------------------+-------+-------+-------+-------+-------++-------
Melee: Flail             |    24 |       |       |       |       ||    24
       Headbutt          |     5 |     9 |    26 |    85 |    75 ||   200
       Scimitar          |       |    30 |    62 |   227 |   184 ||   503
 Cast: Infusion          |       |       |     1 |     7 |     7 ||    15
       Shroud of Golubri |       |       |       |     4 |     9 ||    13
       Song of Slaying   |       |       |       |     3 |     5 ||     8
       Regeneration      |       |       |       |     1 |     3 ||     4
  Use: Potion            |       |     1 |       |     1 |     7 ||     9
       Scroll            |       |       |       |     3 |     1 ||     4
 Stab: Distracted        |       |       |       |       |     1 ||     1
  Eat: Bread ration      |       |     1 |       |       |       ||     1
       Chunk             |       |       |       |     1 |     2 ||     3
Armor: Scale mail        |     4 |       |       |       |       ||     4
       Chain mail        |       |    15 |    11 |    19 |       ||    45
       Plate armour      |       |       |       |    21 |    46 ||    67
Dodge: Dodged            |     4 |    13 |    10 |    60 |    79 ||   166
Block: Shield            |    16 |    19 |    27 |   147 |   158 ||   367
       Reflection        |       |       |       |     8 |     9 ||    17
       Other             |       |       |       |     4 |       ||     4
